 Dungeon Crawl Stone Soup version 0.30-a0-142-g7370640ec8 (webtiles) character file.

Game seed: 2230954913396406384

56 Engwar the Trooper (level 3, -3/33 HPs)
             Began as a Minotaur Fighter on Sept 26, 2022.
             Slain by Natasha (7 damage)
             ... on level 2 of the Dungeon.
             The game lasted 00:01:43 (685 turns).

Engwar the Trooper (Minotaur Fighter)                Turns: 685, Time: 00:01:44

Health: -3/33      AC: 12    Str: 22    XL:     3   Next: 69%
Magic:  2/2        EV:  7    Int:  5    God:
Gold:   68         SH:  4    Dex:  9    Spells: 2/2 levels left

rFire   . . .      SeeInvis .    a - +0 war axe
rCold   . . .      Faith    .    c - +0 buckler
rNeg    . . .      Spirit   .    g - +0 chain mail
rPois   .          Reflect  .    (helmet restricted)
rElec   .          Harm     .    (no cloak)
rCorr   .          Rampage  .    (no gloves)
Will    .....                    e - +2 pair of boots
Stlth   ..........               (no amulet)
HPRegen 0.11/turn                (no ring)
MPRegen 0.08/turn                (no ring)

@: no status effects
A: horns 2, retaliatory headbutt
a: no special abilities


You were on level 2 of the Dungeon.
You visited 1 branch of the dungeon, and saw 2 of its levels.

You collected 68 gold pieces.

Inventory:

Hand Weapons
 a - a +0 war axe (weapon)
Armour
 c - a +0 buckler (worn)
 e - a +2 pair of boots (worn)
 g - a +0 chain mail (worn)
Scrolls
 b - 3 scrolls of identify {unknown}
Potions
 d - a potion of might
 f - a potion of attraction {unknown}
 h - a potion of ambrosia {unknown}


   Skills:
 + Level 4.1 Fighting
 * Level 3.6 Axes
 + Level 4.1 Armour
 + Level 4.1 Shields


You had 2 spell levels left.
You didn't know any spells.
Your spell library was empty.

Dungeon Overview and Level Annotations

Branches:
Dungeon (2/15)

Altars:
Uskayaw

Annotations:
D:2 Natasha


Innate Abilities, Weirdness & Mutations

You have a pair of horns on your head.
You reflexively headbutt those who attack you in melee.


Message History

The worm is heavily wounded.
The worm bites you!
You slash the worm! You headbutt the worm.
You kill the worm!
No target in view!
No target in view!
No target in view!
No target in view!
Natasha, Servant of Life and Death comes into view.
Natasha is nearby!
Natasha hisses angrily.
Natasha casts a spell at you. You resist with significant effort.
You see here a worm corpse.
Found a hide-covered altar of Uskayaw.
Natasha drinks a potion.
Natasha seems to grow stronger.
You block Natasha's attack.
You barely miss Natasha. You headbutt Natasha.
Natasha is lightly wounded.
Natasha stares at you and mumbles some strange words.
The magic dart hits you.
You barely miss Natasha.
Natasha is lightly wounded.
Natasha stares at you and mumbles some strange words.
The magic dart hits you! Natasha claws you but does no damage.
You are too injured to fight recklessly!
You are too injured to fight recklessly!
You are too injured to fight recklessly!
You are too injured to fight recklessly!
You are too injured to fight recklessly!
You are too injured to fight recklessly!
You are too injured to fight recklessly!
You closely miss Natasha.
Natasha is lightly wounded.
Natasha claws you!
* * * LOW HITPOINT WARNING * * *
You barely miss Natasha.
Natasha is lightly wounded.
Natasha claws you!
You die...

.......$[##..
.#######)##.#####
#.########
#######.##.#...###......<..
................###########
......................#
#######.##†.>...#####.#
#.##.#...## ##.##
..##.##.## ###...####
#####@##.# #...).....
#...h##.# #.#...####
#.......##.# #.##.#.
#.....####.# # #.#.# ..._..
#.# #.#.# #..... #.# #.#.#
#.... #.# ..... ##... #. .#


You could see Natasha (strong).

Vanquished Creatures
  Natasha (D:2)
  An adder (D:2)
  A worm (D:2)
  An endoplasm (D:1)
  A giant cockroach (D:1)
  3 kobolds
  3 quokkas
  A ball python (D:1)
  3 bats (D:1)
  4 goblins
19 creatures vanquished.

Notes
Turn   | Place    | Note
-------+----------+-------------------------------------------
     0 | D:1      | Engwar the Minotaur Fighter began the quest for the Orb.
     0 | D:1      | Reached XP level 1. HP: 19/19 MP: 0/0
   269 | D:1      | Reached XP level 2. HP: 26/27 MP: 1/1
   386 | D:1      | Found a faded altar of an unknown god.
   619 | D:2      | Noticed Natasha
   625 | D:2      | Killed Natasha
   626 | D:2      | Reached XP level 3. HP: 32/33 MP: 2/2
   677 | D:2      | Noticed Natasha
   680 | D:2      | Found a hide-covered altar of Uskayaw.
   685 | D:2      | Slain by Natasha

Illustrated notes

Levels and vault maps discovered:
D:1:      giann_horns, layout_rooms, basic_ecumenical_altar
D:2:      layout_loops_ring, basic_altar, uniq_natasha

Skill      XL: |  1  2 |
---------------+-------+-----
Axes           | 3 |  3.6
Armour         | 4 |  4.1
Fighting       | 4 |  4.1
Shields        | 4 |  4.1

Action                   || total
-------------------------++-------
Melee: War axe           ||    49
       Headbutt          ||    10
Armor: Chain mail        ||    40
       Scale mail        ||     1
Dodge: Dodged            ||    13
Block: Buckler           ||    13

Table legend: (Time is in decaauts)
 A = Elapsed time spent in this place.
 B = Non-inter-level travel time spent in this place.
 C = Inter-level travel time spent in this place.
 D = Time resting spent in this place.
 E = Time spent auto-exploring this place.
 F = Levels seen in this place.
 G = Mean time per level.
                   A        B        C        D        E       F      G
               +--------+--------+--------+--------+--------+-----+--------+
         Total |    703 |    694 |      9 |      0 |    528 |   2 |  351.5 |
       Dungeon |    703 |    694 |      9 |      0 |    528 |   2 |  351.5 |
               +--------+--------+--------+--------+--------+-----+--------+

Top non-repeatable levels by time:
     D:1: 569 daAuts
     D:2: 133 daAuts
